 Dungeon Crawl Stone Soup version 0.15.0-8-gb109cf8 (webtiles) character file.

446 aemaet the Covered (level 7, 0/55 HPs)
             Began as a Formicid Fighter on Aug 30, 2014.
             Was an Initiate of Okawaru.
             Slain by an ogre
             ... wielding a +0 giant club
              (23 damage)
             ... on Level 4 of the Dungeon.
             The game lasted 00:10:46 (3393 turns).

aemaet the Covered (Formicid Fighter)               Turns: 3393, Time: 00:10:47

HP   0/55        AC  7     Str 22      XL: 7   Next: 24%
MP   9/9         EV  7     Int  8      God: Okawaru [......]
Gold 231         SH 11     Dex 10      Spells:  0 memorised,  6 levels left

rFire  . . .     SeeInvis +     a - +0 trident
rCold  . . .     Clarity  .     b - +0 scale mail
rNeg   . . .     rCorr    .     c - +1 shield
rPois  .         rRot     .     (helmet unavailable)
rElec  .         Spirit   .     (no cloak)
SustAb .         Warding  .     (no gloves)
rMut   .         Stasis   +     (no boots)
Gourm  +                        j - amulet of the gourmand
MR     .....                    (no ring)
                                (no ring)

@: not resistant to hostile enchantments, extremely unstealthy
A: permanent stasis, dig shafts and tunnels, four strong arms, antennae 3
a: Dig, Shaft Self, Renounce Religion


You were on level 4 of the Dungeon.
You worshipped Okawaru.
Okawaru was noncommittal.
You were not hungry.

You visited 2 branches of the dungeon, and saw 5 of its levels.

You collected 231 gold pieces.

Inventory:

Hand weapons
 a - a +0 trident (weapon)
Armour
 b - a +0 scale mail (worn)
 c - a +1 shield (worn)
 v - a +0 robe
Comestibles
 d - 3 bread rations
 m - 2 meat rations
 r - a slice of pizza
Scrolls
 e - a scroll of amnesia {unknown}
 h - 2 scrolls of identify
 l - a scroll of immolation
 o - a scroll of remove curse
 p - a scroll of noise
Jewellery
 j - an amulet of the gourmand (around neck)
 n - a -2 ring of intelligence
 s - an uncursed amulet of clarity {unknown}
Potions
 i - 2 potions of lignification {unknown}
 q - a potion of heal wounds
 t - a potion of magic {unknown}
 u - a potion of poison {unknown}


   Skills:
 + Level 4.3 Fighting
 * Level 4.7 Polearms
 + Level 4.7 Armour
 + Level 2.1 Dodging
 + Level 4.7 Shields


You had 6 spell levels left.
You didn't know any spells.

Dungeon Overview and Level Annotations

Branches:
Dungeon (4/15)             Temple (1/1) D:4

Altars:
Elyvilon
Fedhas
Kikubaaqudgha
Makhleb
Okawaru
Qazlal
Sif Muna
Trog
Vehumet
Xom
Yredelemnul
Zin
The Shining One


Innate Abilities, Weirdness & Mutations

Your are under a permanent stasis effect.
You can dig through walls and to a lower floor.
Your four strong arms can wield two-handed weapons with a shield.
You have a pair of large antennae on your head (SInv).


Message History

Aim: an ogre, wielding a giant club You reach to attack!
You barely miss the ogre. You hit the ogre.
The ogre is lightly wounded.
You block the ogre's attack.
Your scale mail prevents you from hitting the ogre.
The ogre is lightly wounded.
The ogre hits you with a giant club.
You puncture the ogre!
The ogre is heavily wounded.
You hit the ogre but do no damage.
The ogre is heavily wounded.
The ogre hits you with a giant club!
You puncture the ogre!
The ogre is severely wounded.
The ogre hits you with a giant club!
You barely miss the ogre.
The ogre is severely wounded.
The ogre hits you with a giant club!!
You die...

.......# #..........# #.
.......#
###################.
.##'#### #####
#......### .##.# #...#
#......# # ###.#
########...# #......# #
###.# #......#...#
#......# # ....#
#....).#...# #......# #
#####
#......#...####......###
...#
#.....O@................
...#
#......#################
...#
#.......................
...#
###.##.#############..##
...# #
#.#...........#..# ####
#...#...#.....#..#
#.######.#.#.#####..#
#........#..........#
############.######.#


You could see an ogre.

Vanquished Creatures
  The ghost of mathias the Traitor, an average TrDK of Yredelemnul (D:3)
  2 scorpions (D:4)
  A hound (D:4)
  2 orc wizards (D:4)
  A worker ant (D:4)
  Terence (D:2)
  An adder (D:4)
  4 giant mites
  6 giant geckos
  9 orcs
  6 bats
  4 giant cockroaches
  9 goblins
  9 hobgoblins
  11 jackals
  2 quokkas (D:2)
  9 giant newts
  A jackal skeleton (D:4)
  4 kobolds
  7 rats
90 creatures vanquished.

Notes
Turn   | Place    | Note
--------------------------------------------------------------
     0 | D:1      | aemaet, the Formicid Fighter, began the quest for the Orb.
     0 | D:1      | Reached XP level 1. HP: 18/18 MP: 1/1
   125 | D:1      | Reached XP level 2. HP: 24/24 MP: 3/3
   382 | D:1      | Reached skill level 4 in Shields
   382 | D:1      | Reached XP level 3. HP: 26/29 MP: 4/4
  1112 | D:2      | Reached XP level 4. HP: 32/35 MP: 5/5
  1153 | D:2      | Noticed Terence
  1166 | D:2      | Killed Terence
  1191 | D:2      | Found a white marble altar of Elyvilon.
  1382 | D:2      | Found a shimmering altar of Xom.
  1586 | D:3      | Reached skill level 1 in Dodging
  2133 | D:3      | Noticed mathias' ghost (average TrDK)
  2141 | D:3      | Killed mathias' ghost
  2141 | D:3      | Reached XP level 5. HP: 20/42 MP: 7/7
  2369 | D:4      | Reached XP level 6. HP: 36/48 MP: 8/8
  2662 | D:4      | Found a staircase to the Ecumenical Temple.
  2672 | Temple   | Entered the Ecumenical Temple
  2799 | Temple   | Became a worshipper of Warmaster Okawaru
  3064 | D:4      | Reached XP level 7. HP: 47/54 MP: 9/9
  3393 | D:4      | Slain by an ogre

Action                   |  1- 3 |  4- 6 |  7- 9 || total
-------------------------+-------+-------+-------++-------
Melee: Trident           |   137 |   182 |    32 ||   351
 Abil: Dig               |       |     1 |       ||     1
  Use: Scroll            |     1 |     6 |       ||     7
       Potion            |     5 |     1 |       ||     6
  Eat: Chunk             |     9 |     4 |       ||    13
